 Dungeon Crawl Stone Soup version 0.16-a0-3540-gcd4db26 (webtiles) character file.

89 Pikaro the Insei (level 4, -5/35 HPs)
             Began as a Draconian Transmuter on Jan 9, 2015.
             Killed by nerve-wracking pain
             ... invoked by an orc priest
              (6 damage)
             ... on level 3 of the Dungeon.
             The game lasted 00:04:36 (3129 turns).

Pikaro the Insei (Draconian Transmuter)             Turns: 3129, Time: 00:04:36

Health: -5/35      AC:  5    Str: 12    XL:     4   Next: 31%
Magic:  7/7        EV: 12    Int: 14    God:
Gold:   67         SH:  0    Dex: 12    Spells: 1 memorised, 6 levels left

rFire  . . .     SeeInvis .       - Unarmed
rCold  . . .     Clarity  .     (armour unavailable)
rNeg   . . .     SustAb   .     (no shield)
rPois  .         Gourm    .     (helmet restricted)
rElec  .         Spirit   .     (no cloak)
rCorr  .         Warding  .     (no gloves)
rMut   .         Stasis   .     (boots unavailable)
MR     .....                    (no amulet)
Stlth  +.........               (no ring)
                                (no ring)

@: appendage (expiring), not resistant to hostile enchantments, very unstealthy
A: unfitting armour, talons 3, cold-blooded, AC +5
a: End Transformation


You were on level 3 of the Dungeon.
You were hungry.
You had grown temporary talons.
You visited 1 branch of the dungeon, and saw 3 of its levels.

You collected 67 gold pieces.

Inventory:

Missiles
 b - 12 arrows
Scrolls
 a - 2 scrolls of identify {unknown}
 c - a scroll of fear {unknown}
 e - 3 scrolls of remove curse {unknown}
 f - a scroll of noise {unknown}
 j - a scroll of blinking {unknown}
 m - a scroll of teleportation {unknown}
Potions
 g - a potion of curing {unknown}
 h - a potion of brilliance {unknown}
 l - a potion of lignification {unknown}
Books
 d - a book of Changes
Comestibles
 i - 4 fruits
 k - a meat ration


   Skills:
 - Level 1.1 Fighting
 - Level 1.7 Dodging
 + Level 5.2 Unarmed Combat
 - Level 2.0 Spellcasting
 - Level 2.0 Transmutations


You had 6 spell levels left.
You knew the following spells:

 Your Spells              Type           Power        Failure   Level  Hunger
a - Beastly Appendage     Trmt           #.....       12%         1    ##.....


Dungeon Overview and Level Annotations

Branches:
Dungeon (3/15)

Altars:
Qazlal

Annotations:
D:3 Jessica


Innate Abilities, Weirdness & Mutations

Your plain brown scales are hard (AC +5).
Your body does not fit into most forms of armour.
Your cold-blooded metabolism reacts poorly to cold.
You have claws for feet.


Message History

(D) Dungeon
Where to? (Enter - D:2, ? - help)
You see here a club.
There is a stone staircase leading down here.
You climb downwards.
There is a stone staircase leading up here.
You are feeling hungry.
A quokka comes into view.
A quokka is nearby!
The quokka closely misses you.
You completely miss the quokka. The quokka barely misses you.
You hit the quokka. The quokka barely misses you.
You hit the quokka.
You kill the quokka!
A bat and an orc priest come into view.
The orc priest shouts!
Spoiler Alert: The orc priest can smite you!
The bat hits you but does no damage.
A giant gecko and Jessica come into view.
Jessica shouts!
The bat hits you but does no damage.
Jessica zaps a wand.
You hear a grinding noise.
It is a wand of digging.
Spoiler Alert: The orc priest can smite you!
Your feet morph into talons.
The bat closely misses you.
An orc comes into view.
You now have 6/7 mp.
You barely miss the orc priest.
The orc shouts!
The bat misses you. The orc priest misses you.
Jessica moves out of view.
Spoiler Alert: The orc priest can smite you!
You hit the orc priest.
Your tail-slap misses the orc priest.
The bat misses you.
You hear a zap.
Some rock shatters into small pieces.
The orc priest closely misses you.
An orc priest comes into view. It is wielding a dagger.
Warning x2: The orc priest can smite you!
The orc priest (wandering) can smite you!
You closely miss the orc priest.
You claw the orc priest, but do no damage.
The bat hits you but does no damage.
The orc priest glows brightly for a moment.
Warning x2: The orc priest can smite you! x2
You closely miss the orc priest. Your kick misses the orc priest.
The bat misses you.
The orc priest calls down the wrath of Beogh upon you.
Something smites you!
Jessica gestures wildly while chanting.
Jessica blinks!
The orc priest calls down the wrath of Beogh upon you.
Pain shoots through your body!
You take 13 damage, and have 22/35 hp.
MASSIVE DAMAGE!!
Warning x2: The orc priest can smite you! x2
You barely miss the orc priest.
You claw the orc priest, but do no damage.
Your tail-slap misses the orc priest.
The bat hits you but does no damage. The bat closely misses you.
The giant gecko closely misses you.
You completely miss the giant gecko.
Your tail-slap misses the giant gecko.
The bat hits you but does no damage.
You hear a zap.
You hear a grinding noise.
The giant gecko closely misses you.
Warning x2: The orc priest can smite you! x2
You hit the giant gecko but do no damage.
Your kick misses the giant gecko.
Your transformation is almost over.
The bat misses you. The orc closely misses you.
The orc priest's eyes start to glow.
The giant gecko misses you.
Warning x2: The orc priest can smite you! x2
You closely miss the giant gecko. The bat hits you. The bat barely misses you.
The orc priest calls down the wrath of Beogh upon you.
Something smites you!
* * * LOW HITPOINT WARNING * * *
The giant gecko closely misses you. The orc hits you but does no damage.
You take 14 damage, and have 8/35 hp.
MASSIVE DAMAGE!!
Warning x2: The orc priest can smite you! x2
You closely miss the orc. Your kick misses the orc. The bat hits you.
* * * LOW HITPOINT WARNING * * *
The giant gecko barely misses you. The orc hits you.
* * * LOW HITPOINT WARNING * * *
You hear a zap.
You hear a grinding noise.
You take 4 damage, and have 4/35 hp.
Warning x2: The orc priest can smite you! x2
You hit the orc. Your kick misses the orc. The bat hits you but does no damage.
The giant gecko barely misses you. The orc closely misses you.
MP restored: 7 You hit the orc.
You kill the orc!
The giant gecko bites you.
* * * LOW HITPOINT WARNING * * *
The bat closely misses you.
You take 3 damage, and have 1/35 hp.
Warning x2: The orc priest can smite you! x2
You hit the orc priest but do no damage.
The bat hits you but does no damage. The giant gecko barely misses you.
The orc priest calls down the wrath of Beogh upon you.
Pain shoots through your body!
You die...

#..........#
......#.#...###
####.#.#...# ..
#..#.#.#...#
#..##....#.#...###
........†...........
.........##.#......
..........#.#.#####
.#.....#@b#.#)#
......#ol#.# +....
#o.#.. ..... ...###
..# #..# ##.@ .. ##.


You could see 2 orc priests, Jessica, a giant gecko and a bat.

Vanquished Creatures
  Ijyb (D:2)
  An adder (D:2)
  2 worms (D:2)
  2 giant geckos
  An ooze (D:2)
  An orc (D:3)
  3 giant cockroaches
  10 hobgoblins
  3 kobolds
  A quokka (D:3)
  2 ball pythons
  7 bats
  A giant newt (D:2)
  5 goblins
  6 rats
46 creatures vanquished.

Notes
Turn   | Place    | Note
--------------------------------------------------------------
     0 | D:1      | Pikaro, the Draconian Transmuter, began the quest for the Orb.
     0 | D:1      | Reached XP level 1. HP: 16/16 MP: 3/3
   272 | D:1      | Reached XP level 2. HP: 23/23 MP: 4/4
   592 | D:1      | Reached skill level 4 in Unarmed Combat
  1376 | D:2      | Reached XP level 3. HP: 26/28 MP: 6/6
  1427 | D:2      | HP: 7/28 [hobgoblin (5)]
  1427 | D:2      | HP: 3/28 [adder (4)]
  1435 | D:2      | HP: 2/28 [poisoned by an adder]
  2365 | D:2      | Found a stormy altar of Qazlal.
  2758 | D:2      | Noticed Ijyb
  2773 | D:2      | Killed Ijyb
  2773 | D:2      | Reached skill level 5 in Unarmed Combat
  2773 | D:2      | Reached XP level 4. HP: 27/35 MP: 5/7
  3116 | D:3      | Noticed Jessica
  3125 | D:3      | HP: 8/35 [orc priest/divine providence (13)]
  3128 | D:3      | HP: 1/35 [giant gecko (3)]
  3129 | D:3      | Killed from afar by an orc priest

Action                   |  1- 3 |  4- 6 || total
-------------------------+-------+-------++-------
Melee: Unarmed           |   168 |    23 ||   191
 Cast: Beastly Appendage |     1 |     1 ||     2
  Eat: Bread ration      |     1 |       ||     1
       Chunk             |       |     2 ||     2

Vault maps used:
D:1:      nagdon_arrival_double_spiral
D:2:      lemuel_doored_altar, bh_walls_and_bars, uniq_iyjb
D:3:      lemuel_crystal_altar, minmay_vboxes, uniq_grinder, uniq_jessica

Table legend:
 A = Turns spent in this place as a percentage of turns spent in the entire game.
 B = Non-inter-level travel turns spent in this place as a percentage of non-inter-level travel turns spent in the entire game.
 C = Inter-level travel turns spent in this place as a percentage of turns spent in this place.
 D = Turns resting spent in this place as a percentage of non-inter-level travel turns spent in this place.
 E = Turns spent auto-exploring this place as a percentage of non-inter-level travel turns spent in this place.
 F = Non-inter-level travel turns spent in this place divided by the number of levels of this place that you've seen.
                   A       B       C       D       E      F
               +-------+-------+-------+-------+-------+----------------------
         Total | 100.0 | 100.0 |   0.5 |   7.7 |  11.1 | 195.3
       Dungeon | 100.0 | 100.0 |   0.5 |   7.7 |  11.1 | 195.3
               +-------+-------+-------+-------+-------+----------------------

Table legend:
 A = Kills in this place as a percentage of kills in entire the game.
 B = Kills by you in this place as a percentage of kills by you in the entire game.
 C = Kills by friends in this place as a percentage of kills by friends in the entire game.
 D = Other kills in this place as a percentage of other kills in the entire game.
 E = Experience gained in this place as a percentage of experience gained in the entire game.
 F = Experience gained in this place divided by the number of levels of this place that you have seen.
                   A       B       C       D       E      F
               +-------+-------+-------+-------+-------+----------------------
         Total | 100.0 | 100.0 |  -nan |  -nan | 100.0 |  42.7
       Dungeon | 100.0 | 100.0 |  -nan |  -nan | 100.0 |  42.7
               +-------+-------+-------+-------+-------+----------------------
